Map: Dusk Towers

Players

Harbinger

  • Race: Protoss Protoss
  • League: Platinum

LilDicky - Winner!

  • Race: Terran Terran
  • League: Diamond

VOD

http://www.twitch.tv/tumescentpie

Description

Time

  • Played on: Jan. 2, 2016, 4:55 p.m.
  • Length: 5:58
Show
View Real Time Build Order
Export as new Build Order

Harbinger Protoss 

Build Orders: 1 Gate Expand, Oracle Opening 

Get SALT Encoding   

  12  0:01  Probe (Chrono Boost)  
  13  0:12  Probe (Chrono Boost)  
  14  0:17  Pylon  
  14  0:22  Probe (Chrono Boost)  
  15  0:36  Probe (Chrono Boost)  
  15  0:37  Gateway  
  16  0:46  Probe (Chrono Boost)  
  16  0:49  Assimilator  
  18  0:57  Probe (Chrono Boost)  
  18  1:07  Probe (Chrono Boost)  
  19  1:18  Probe (Chrono Boost)  
  20  1:28  Nexus  
  20  1:36  Cybernetics Core  
  20  1:37  Probe (Chrono Boost)  
  21  1:48  Probe (Chrono Boost)  
  21  1:49  Assimilator  
  22  1:59  Probe (Chrono Boost)  
  23  2:15  Pylon  
  23  2:17  Warp Gate  
  23  2:31  Stargate  
  23  2:33  Probe (Chrono Boost), Adept  
  26  2:44  Probe (Chrono Boost), Gateway  
  26  2:52  Probe (Chrono Boost)  
  26  2:55  Mothership Core (Chrono Boost)  
  29  3:03  Probe (Chrono Boost)  
  30  3:12  Probe (Chrono Boost)  
  30  3:13  Probe (Chrono Boost)  
  30  3:14  Oracle (Chrono Boost)  
  35  3:23  Zealot  
  37  3:28  Gateway  
  37  3:30  Gateway  
  39  4:03  Oracle (Chrono Boost)  
  18  4:40  Probe x2  
  18  4:42  Stalker x2  
  18  4:44  Zealot x2  
  28  4:50  Assimilator  
  28  4:55  Assimilator  
  28  5:00  Probe  
  28  5:01  Pylon  
  26  5:09  Probe  
  26  5:13  Probe  
  28  5:23  Probe  
  28  5:25  Probe  
  30  5:34  Probe  
Show
View Real Time Build Order
Export as new Build Order

LilDicky Terran - Winner!

Build Orders: MMM Bio 

Get SALT Encoding   

  12  0:01  SCV  
  13  0:13  SCV  
  14  0:23  Supply Depot  
  14  0:25  SCV  
  15  0:28  Refinery  
  15  0:44  SCV  
  16  0:59  SCV  
  16  1:00  Barracks  
  17  1:11  SCV  
  18  1:23  SCV  
  19  1:36  SCV  
  20  1:48  Marine  
  20  1:49  Supply Depot  
  20  1:50  Orbital Command  
  21  1:54  Factory  
  21  2:06  Marine  
  22  2:16  Barracks  
  22  2:22  Barracks  
  22  2:24  Refinery  
  22  2:27  SCV  
  23  2:32  Barracks Reactor  
  23  2:53  SCV  
  24  3:07  Barracks Tech Lab  
  24  3:09  Barracks Tech Lab, Widow Mine  
  26  3:14  Marine x2  
  26  3:15  SCV  
  29  3:24  Supply Depot  
  29  3:27  SCV, Stimpack, Combat Shields  
  29  3:29  Marine  
  29  3:30  Marine  
  29  3:33  Supply Depot  
  31  3:46  Marine  
  32  3:51  Widow Mine  
  34  3:56  Marine  
  34  3:57  SCV, Marauder x2  
  34  4:01  Engineering Bay, Starport  
  40  4:03  Marine  
  40  4:07  Supply Depot  
  41  4:12  SCV  
  41  4:16  Marine  
  43  4:18  Marine  
  41  4:24  SCV  
  40  4:37  Marauder  
  44  4:41  Marine  
  44  4:43  Medivac  
  45  4:53  Marauder  
  45  4:58  Marine, Marauder  
  45  4:59  Marine  
  51  5:15  Supply Depot, Marauder  
  51  5:16  Marine  
  54  5:22  Missile Turret  
  54  5:29  Marauder  
  58  5:40  Marine x2  
Tags
 
Add a new tag
Caveats
  • Supply blocks, unpowered buildings, or Contaminate may cause inaccurate times.
  • Supply counts are checked every 10 seconds.